 Dungeon Crawl Stone Soup version 0.28-a0-21-gf74fda84f9 (webtiles) character file.

Game seed: 17624536056833118394

1124 mhtbhm the Cleaver (level 8, 0/69 HPs)
             Began as a Minotaur Fighter on July 26, 2021.
             Was an Initiate of Gozag.
             Killed from afar by an orc wizard (3 damage)
             ... with a magic dart
             ... summoned by a shadow demon
             ... created by the darkness of Dithmenos
             ... on level 5 of the Dungeon.
             The game lasted 00:04:40 (4980 turns).

mhtbhm the Cleaver (Minotaur Fighter)               Turns: 4980, Time: 00:04:41

Health: 0/69       AC: 10    Str: 23    XL:     8   Next: 13%
Magic:  7/7        EV:  9    Int:  5    God:    Gozag
Gold:   268        SH: 11    Dex: 16    Spells: 7/7 levels left

rFire   . . .      SeeInvis .   a - +0 war axe
rCold   . . .      Faith    .   c - +0 kite shield
rNeg    . . .      Spirit   .   b - +0 scale mail
rPois   .          Reflect  .   (helmet restricted)
rElec   .          Harm     .   z - +0 cloak
rCorr   .          Rampage  .   (no gloves)
Will    .....                   o - +0 pair of boots
Stlth   ..........              (no amulet)
HPRegen 0.21/turn               s - +6 ring of dexterity
MPRegen 0.10/turn               (no ring)

@: mighty
A: horns 2, retaliatory headbutt
a: Renounce Religion, Potion Petition, Call Merchant, Bribe Branch


You were on level 5 of the Dungeon.
You worshipped Gozag.
Gozag was aware of your devotion.
You visited 1 branch of the dungeon, and saw 5 of its levels.

You collected 360 gold pieces.
You paid 92 gold pieces to Gozag.

Inventory:

Hand Weapons
 a - a +0 war axe (weapon)
Armour
 b - a +0 scale mail (worn)
 c - a +0 kite shield (worn)
 o - a +0 pair of boots (worn)
 z - a +0 cloak (worn)
Jewellery
 s - a +6 ring of dexterity (left hand)
Wands
 p - a wand of polymorph (6)
Scrolls
 g - 5 scrolls of teleportation
 i - a scroll of vulnerability {unknown}
 k - a scroll of fog {unknown}
 q - a scroll of fear {unknown}
 u - a scroll of silence {unknown}
 y - a scroll of summoning {unknown}
Potions
 d - a potion of might
 f - 2 potions of attraction
 h - 2 potions of curing {unknown}
 j - a potion of haste {unknown}
 m - 3 potions of resistance {unknown}
 n - a potion of flight {unknown}
 r - 4 potions of mutation {unknown}
 t - a potion of invisibility {unknown}
 v - a potion of magic {unknown}
 w - 2 potions of heal wounds {unknown}
 x - a potion of lignification {unknown}


   Skills:
 + Level 5.5 Fighting
 + Level 8.1 Axes
 + Level 6.2 Armour
 + Level 2.3 Dodging
 + Level 0.6 Stealth
 + Level 5.5 Shields


You had 7 spell levels left.
You didn't know any spells.
Your spell library contained the following spells:

 Spells                   Type           Power      Damage    Failure   Level
 Magic Dart               Conj           0%         1d3       99%         1
 Call Imp                 Summ           0%         N/A       99%         2
 Searing Ray              Conj           0%         3d3       99%         2
 Conjure Flame            Conj/Fire      0%         6-21      100%        3
 Ignite Poison            Fire/Tmut/Pois 0%         N/A       100%        3
 Mephitic Cloud           Conj/Pois/Air  0%         N/A       100%        3
 Fulminant Prism          Conj/Hex       0%         3d6       100%        4
 Sticky Flame             Conj/Fire      0%         2d3       100%        4


Dungeon Overview and Level Annotations

Branches:
Dungeon (5/15)
 Temple: D:4-7

Altars:
Cheibriados
Dithmenos
Gozag
The Shining One

Shops:
D:1 *!((=


Innate Abilities, Weirdness & Mutations

You have a pair of horns on your head.
You reflexively headbutt those who attack you in melee.


Message History

The shadow demon hits you but does no damage.
The shadow demon hits you!
The shadow slips into darkness.
The shadow flickers and vanishes!
Deactivating autopickup; reactivate with Ctrl-A.
The orc wizard hits you but does no damage.
The orc hits you with a +0 mace. The sky beast barely misses you.
You block the orc wizard's attack. The shadow demon hits you! x2
The shadow strikes at you from the darkness!
Reactivating autopickup.
Unknown command.
You hit the shadow demon. Your headbutt misses the shadow demon.
The shadow demon is heavily wounded.
You hit the sky beast.
Your shield prevents you from hitting the shadow.
You slash the orc!
You kill the orc!
The orc's corpse dissolves into shadows!
You barely miss the orc. You slash the shadow demon!
You slash the orc wizard! x2
You kill the orc wizard!
The orc wizard's corpse dissolves into shadows!
The ufetubus is no longer distracted by gold.
You block the orc's attack. The sky beast closely misses you.
You furiously retaliate!
You headbutt the sky beast!
The orc wizard casts a spell.
The orc wizard flickers and vanishes!
Deactivating autopickup; reactivate with Ctrl-A.
The shadow slips into darkness.
The shadow flickers and vanishes!
You block the shadow demon's attack. The shadow demon hits you!
* * * LOW HITPOINT WARNING * * *
The orc hits you but does no damage. The sky beast hits you.
* * * LOW HITPOINT WARNING * * *
The sky beast shocks you.
* * * LOW HITPOINT WARNING * * *
You hear some strange, mumbled words.
A magic dart appears from out of thin air!
The magic dart hits you.
You die...
Your body crumbles into a pile of gold.

.......).).#
.#####.))##.# #####
.###.....### $ ....#
...........#
###...##..###.....##
####.........####...####
............)#..........
#..o{Y..#.#.###>#..##
#o@2###.#.# #.#..#
#2{.##....# #.#..#
##5###....###.#..##
#Z#.....).##.#....
#o#..(............
#.........##...###
#####...######## #...#
#####


You could see 2 shadow demons, a sky beast (summoned), an orc priest (summoned),
2 orcs, an ufetubus (summoned) and an adder skeleton (summoned).

Vanquished Creatures
  A black bear (D:4)
  The ghost of Nausicaa the Chopper, an amateur MiBe of Trog (D:3)
  2 ogres (D:4)
  A phantom (D:4)
  A bullfrog (D:4)
  2 scorpions (D:4)
  A water moccasin skeleton (D:3)
  A hound (D:4)
  A jelly (D:4)
  Crazy Yiuf (D:4)
  2 bullfrog skeletons (D:3)
  An iron imp (D:3)
  An orc wizard (D:5)
  An iguana (D:3)
  A hound skeleton (D:4)
  Robin (D:2)
  4 gnolls (D:4)
  A howler monkey skeleton (D:4)
  6 adders
  A shadow imp (D:4)
  An adder skeleton (D:4)
  A worm (D:4)
  6 orcs
  12 ball pythons
  6 bats
  10 endoplasms
  2 giant cockroaches
  9 goblins
  14 hobgoblins
  10 jackals
  6 quokkas
  4 frilled lizards (D:1)
  A jackal skeleton (D:4)
  7 kobolds
  6 rats
126 creatures vanquished.

Notes
Turn   | Place    | Note
-------+----------+-------------------------------------------
     0 | D:1      | mhtbhm the Minotaur Fighter began the quest for the Orb.
     0 | D:1      | Reached XP level 1. HP: 19/19 MP: 0/0
   262 | D:1      | Reached XP level 2. HP: 27/27 MP: 1/1
   796 | D:1      | Found Ozikkuh's Assorted Antiques.
   821 | D:1      | Found Rarutak's Distillery.
   959 | D:1      | Found Gasytyug's Antique Weapon Emporium.
  1081 | D:1      | Reached XP level 3. HP: 33/33 MP: 2/2
  1132 | D:1      | Found Bilabby's Antique Weapon Shop.
  1209 | D:1      | Found Cayzid's Jewellery Emporium.
  1410 | D:2      | Found a glowing golden altar of the Shining One.
  1416 | D:2      | Reached skill level 3 in Axes
  1465 | D:2      | Noticed Robin
  1471 | D:2      | Killed Robin
  1714 | D:2      | Reached XP level 4. HP: 36/40 MP: 3/3
  1740 | D:2      | Found a faded altar of an unknown god.
  1803 | D:2      | Became a worshipper of Dithmenos the Shadowed
  1803 | D:2      | Reached * piety under Dithmenos
  2346 | D:3      | Reached skill level 1 in Dodging
  2472 | D:3      | Found a runed translucent gate.
  2473 | D:3      | Found a runed translucent gate.
  2474 | D:3      | Found a runed translucent gate.
  2476 | D:3      | Noticed Nausicaa's ghost (amateur MiBe)
  2899 | D:3      | Reached XP level 5. HP: 36/46 MP: 4/4
  3092 | D:3      | Found a snail-covered altar of Cheibriados.
  3099 | D:3      | Reached skill level 4 in Axes
  3282 | D:3      | Reached skill level 5 in Armour
  3289 | D:3      | Killed Nausicaa's ghost
  3290 | D:3      | Reached skill level 5 in Axes
  3290 | D:3      | Reached XP level 6. HP: 26/53 MP: 5/5
  3753 | D:4      | Reached ** piety under Dithmenos
  3754 | D:4      | Reached skill level 5 in Shields
  3773 | D:4      | Reached skill level 6 in Axes
  3773 | D:4      | Reached XP level 7. HP: 42/60 MP: 6/6
  4092 | D:4      | Found a runed translucent door.
  4093 | D:4      | Noticed Crazy Yiuf
  4165 | D:4      | Found an opulent altar of Gozag.
  4425 | D:4      | Reached skill level 5 in Fighting
  4428 | D:4      | Reached skill level 7 in Axes
  4445 | D:4      | Reached XP level 8. HP: 52/68 MP: 7/7
  4567 | D:4      | Fell from the grace of Dithmenos
  4567 | D:4      | Became a worshipper of Gozag Ym Sagoz the Greedy
  4860 | D:4      | Killed Crazy Yiuf
  4861 | D:4      | Reached skill level 8 in Axes
  4920 | D:5      | Entered Level 5 of the Dungeon
  4974 | D:5      | Noticed a shadow demon
  4974 | D:5      | Noticed a shadow demon
  4980 | D:5      | HP: 3/69 [sky beast[the darkness of Dithmenos] (5)]
  4980 | D:5      | Killed from afar by an orc wizard

Illustrated notes

Levels and vault maps discovered:
D:1:      dpeg_arrival_houses_and_road, layout_loops_ring, serial_shops, shop,
          nicolae_lakefront_shop, nicolae_diamond_shop, shop, shop, st_stairs_1
D:2:      layout_loops_ring, basic_ecumenical_altar, basic_altar,
          kennysheep_generic_room_2, uniq_robin
D:3:      layout_loops_corners, slow_altar_1, gammafunk_ghost_necromancy
D:4:      layout_gridville, nicolae_gozag_cash_rules_everything_around_me,
          chequers_big_river, minmay_joined_circles, uniq_crazy_yiuf_cottage
D:5:      layout_loops_ring, tso_altar, mainiacjoe_overflow_small_starburst,
          biasface_ghost_orc_armoury, serial_shops, nicolae_shop_behind_doors,
          minivault_27

Skill      XL: |  1  2  3  4  5  6  7  8 |
---------------+-------------------------+-----
Armour         | 4 5 6 |  6.2
Shields        | 4 5 |  5.5
Fighting       | 4 5 |  5.5
Axes           | 3 5 6 7 8 |  8.1
Dodging        | 1 2 |  2.3
Stealth        | |  0.6

Action                   |  1- 3 |  4- 6 |  7- 9 || total
-------------------------+-------+-------+-------++-------
Melee: War axe           |    95 |   103 |    86 ||   284
       Headbutt          |    13 |    25 |    10 ||    48
  Use: Scroll            |       |     2 |     2 ||     4
       Potion            |       |       |     1 ||     1
Armor: Scale mail        |    34 |    42 |    32 ||   108
Dodge: Dodged            |    27 |    50 |    28 ||   105
Block: Kite shield       |    48 |    46 |    53 ||   147

Table legend: (Time is in decaauts)
 A = Elapsed time spent in this place.
 B = Non-inter-level travel time spent in this place.
 C = Inter-level travel time spent in this place.
 D = Time resting spent in this place.
 E = Time spent auto-exploring this place.
 F = Levels seen in this place.
 G = Mean time per level.
                   A        B        C        D        E       F      G
               +--------+--------+--------+--------+--------+-----+--------+
         Total |   5121 |   5030 |     91 |    546 |   3555 |   5 | 1024.2 |
       Dungeon |   5121 |   5030 |     91 |    546 |   3555 |   5 | 1024.2 |
               +--------+--------+--------+--------+--------+-----+--------+

Top non-repeatable levels by time:
     D:4: 1472 daAuts
     D:1: 1422 daAuts
     D:3: 1213 daAuts
     D:2: 950 daAuts
     D:5: 63 daAuts
